 Dungeon Crawl Stone Soup version 0.20.1-1-g8b1a95d (webtiles) character file.

76711 vatarom the Summoner (level 15, -7/178 HPs)
             Began as a Demonspawn Summoner on Sept 27, 2017.
             Was the Champion of Ashenzari.
             Killed from afar by a deep elf knight (11 damage)
             ... with an orb of energy
             ... on level 2 of the Orcish Mines.
             The game lasted 02:10:59 (37808 turns).

vatarom the Summoner (Demonspawn Summoner)         Turns: 37808, Time: 02:11:00

Health: -7/178     AC: 27    Str:  9    XL:     15   Next: 13%
Magic:  0/29       EV:  2    Int: 21    God:    Ashenzari [******]
Gold:   1060       SH:  0    Dex: 17    Spells: 2/35 levels left

rFire    . . .     SeeInvis +   Q - +5 executioner's axe (elec) (curse)
rCold    . . .     Gourm    +   (shield currently unavailable)
rNeg     + + +     Faith    .   (armour currently unavailable)
rPois    +         Spirit   +   (helmet currently unavailable)
rElec    .         Reflect  .   (cloak currently unavailable)
rCorr    .         Harm     .   (gloves currently unavailable)
MR       +....     Clarity  +   (boots currently unavailable) Stlth +++.......NoTele +
                                b - amulet of the gourmand
Regen    0.4/turn               q - ring of poison resistance (curse)
MPRegen  0.5/turn               r - ring of stealth (curse)

@: tree-form
A: agile 1, berserk 1, foul stench 1, magic shield, magic regeneration, rot
immunity
a: Curse Item, Scrying, Transfer Knowledge, Renounce Religion


You were on level 2 of the Orcish Mines.
You worshipped Ashenzari.
Ashenzari was exalted by your worship.
You were not hungry.
You were a tree.
You visited 6 branches of the dungeon, and saw 26 of its levels.
You also visited: Ossuary, Bailey and Ice Cave.

You collected 2518 gold pieces.
You spent 1458 gold pieces at shops.

Inventory:

Hand Weapons
 Q - a cursed +5 executioner's axe of electrocution (weapon)
 X - a +0 glaive
Missiles
 I - 42 tomahawks of returning (quivered)
 U - 26 tomahawks
Armour
 d - a cursed +0 pair of gloves (melded)
 e - a cursed +0 pair of boots (melded)
 f - a cursed +1 helmet
 n - a +0 cloak (melded)
 T - +0 acid dragon scales (melded)
Jewellery
 b - an amulet of the gourmand (around neck)
 q - a cursed ring of poison resistance (left branch)
 r - a cursed ring of stealth (right branch)
 v - an uncursed ring of protection from cold
 H - an uncursed ring of positive energy
Wands
 c - a wand of lightning (4/15)
 s - a wand of random effects (20/48)
 t - a wand of iceblast (5/15)
 y - a wand of iceblast (0/15)
 z - a wand of polymorph (10/24)
 K - a wand of digging (12/24)
 M - a wand of disintegration (14/24)
 N - a wand of digging (6/24)
 O - a wand of lightning (3/15)
 P - a wand of paralysis (7/24)
 S - a wand of lightning (9/15)
 W - a wand of clouds (5/9)
Scrolls
 j - 2 scrolls of silence
 m - 3 scrolls of identify
 w - 4 scrolls of fog
 C - 6 scrolls of recharging
 V - a scroll of magic mapping
Potions
 a - a potion of cancellation
 g - 4 potions of flight
 i - 4 potions of resistance
 l - 2 potions of berserk rage
 o - 3 potions of lignification
 p - 2 potions of magic
 x - 5 potions of brilliance
 B - 4 potions of might
 D - 3 potions of haste
 E - 4 potions of ambrosia
 F - 2 potions of agility
Books
 u - a book of Beasts

   Spells                             Type                      Level
   a - Summon Butterflies             Summoning                    1
   b - Call Canine Familiar           Summoning                    3
   c - Summon Ice Beast               Ice/Summoning                4
   d - Summon Mana Viper              Hexes/Summoning              5
   e - Summon Hydra                   Summoning                    7
Comestibles
 h - 5 meat rations
 k - 10 royal jellies
 A - 13 fruits
 G - 5 bread rations


   Skills:
 - Level 11.6 Fighting
 - Level 7.2(12.9) Axes
 - Level 5.0 Throwing
 - Level 8.6 Armour
 * Level 7.5 Dodging
 - Level 1.7 Stealth
 - Level 10.5 Spellcasting
 - Level 5.5(8.6) Charms
 * Level 14.0(16.6) Summonings
 - Level 2.4(4.8) Ice Magic
 - Level 2.7(5.2) Air Magic


You had 2 spell levels left.
You knew the following spells:

 Your Spells              Type           Power        Failure   Level  Hunger
a - Summon Small Mammal   Summ           ####         0%          1    None
b - Call Imp              Summ           ######..     0%          2    None
c - Call Canine Familiar  Summ           ######..     1%          3    None
d - Summon Lightning Spi  Summ/Air       ######..     1%          4    ##.....
e - Summon Ice Beast      Ice/Summ       ######..     1%          4    ##.....
f - Summon Guardian Gole  Hex/Summ       #####...     1%          3    None
g - Swiftness             Chrm/Air       #####...     1%          2    None
h - Regeneration          Chrm/Necr      ####......   3%          3    None
i - Deflect Missiles      Chrm/Air       #####.....   47%         6    ######.
j - Summon Mana Viper     Hex/Summ       #####...     4%          5    ####...


Dungeon Overview and Level Annotations

Branches:
Dungeon (15/15)            Temple (1/1) D:7            Lair (6/6) D:8
  Swamp (0/4) Lair:4        Snake (1/4) Lair:2        Slime (0/5) Lair:6
    Orc (2/2) D:10            Elf (1/3) Orc:2        Vaults (0/5) D:14
 Depths (0/5) D:15

Altars:
Ashenzari
Cheibriados
Dithmenos
Elyvilon
Fedhas
Gozag
Hepliaklqana
Kikubaaqudgha
Makhleb
Nemelex Xobeh
Okawaru
Qazlal
Ru
Sif Muna
Trog
Uskayaw
Vehumet
Xom
Yredelemnul
Zin
The Shining One

Shops:
D:11 *   D:14 (   D:15 %   Orc:1 }   Orc:2 *:!%!

Portals:
Hell: Lair:6

Annotations:
Snake:1 Donald
Orc:2 Dirian's ghost, journeyman MiFi


Innate Abilities, Weirdness & Mutations

((You have a pair of horns on your head.))
You may emit foul miasma when damaged in melee.
When hurt, damage is shared between your health and your magic reserves.
You regenerate magic rapidly.
You are immune to rotting.
((When seriously injured, your bleeding wounds create thick armour. (AC +0)))
You are agile. (Dex +2)
You tend to lose your temper in combat.


Message History

Your warg closely misses the deep elf knight.
The deep elf knight hits you with a long sword.
* * * LOW HITPOINT WARNING * * *
Your mana viper bites the deep elf knight.
The deep elf knight's magic leaks into the air.
Unknown command.
Casting: Call Canine Familiar
Confirm with . or Enter, or press ? or * to list all spells.
You don't have enough magic to cast that spell.
Unknown command.
Unknown command.
Casting: Call Canine Familiar
Confirm with . or Enter, or press ? or * to list all spells.
Okay, then.
You closely miss the deep elf knight.
The deep elf knight is lightly wounded.
The deep elf knight is no longer moving quickly.
The deep elf knight casts a spell at you.
Helpless, you fail to dodge the orb of energy.
You die...

###≈≈≈≈.................#......#
#≈≈≈..........#...............##
#≈≈..........##..............(.#
##...##..##..##............(...##
..............................##
..........................#(...#
............................#.##
((..(...........h..............##
...............e♣...............#
................S..............##
................................#
)...............................#
.......................)(.(...(##
...([..........................##
....([..........................#
.[..[..........................##
.)[.............................#


You could see a deep elf knight, a friendly mana viper and a friendly warg.

Vanquished Creatures
  A dire elephant (Lair:6)
  A hydra (D:11)
  A centaur warrior (D:14)
  9 two-headed ogres
  3 death yaks
  A shock serpent (Snake:1)
  2 ogre magi
  A tengu warrior (D:15)
  Urug (D:15)
  A sun demon (Lair:6)
  A skeletal warrior (D:14)
  An unseen horror (D:13)
  A wizard (Lair:6)
  Pikel (D:6)
  A wolf spider (D:15)
  3 deep elf magi (Elf:1)
  2 manticores
  2 cyclopes (D:13)
  4 ugly things
  3 orc sorcerers (Orc:2)
  7 elephants
  2 black mambas
  An orange demon (Lair:6)
  7 spiny frogs
  An ice devil (D:14)
  An efreet (D:15)
  4 komodo dragons
  2 trolls
  3 polar bears
  3 hornets
  3 hippogriffs
  A shadow (D:13)
  A vampire (D:11)
  26 yaks
  A wyvern (D:12)
  2 basilisks
  2 hungry ghosts
  A steam dragon (D:13)
  6 wargs
  A naga (Snake:1)
  A soldier ant (D:14)
  2 acid dragons
  5 porcupines
  A hell hound (Lair:6)
  2 water moccasins
  An eye of draining (D:14)
  23 orc warriors
  4 sky beasts
  An ice beast (D:13)
  A black bear (D:7)
  3 phantoms
  12 ogres
  A boggart (D:11)
  2 necrophages
  9 wolves
  10 centaurs
  A centaur (shapeshifter) (D:14)
  4 crocodiles
  4 big kobolds
  5 bullfrogs
  A wyvern zombie (D:13)
  2 water moccasin zombies (Ossuary)
  A wyvern skeleton (D:11)
  4 scorpions
  A killer bee (D:11)
  A howler monkey (D:8)
  A spriggan skeleton (D:13)
  5 crimson imps
  3 centaur zombies
  A quasit (D:12)
  3 orc priests
  3 bullfrog zombies
  2 hounds
  2 jellies
  10 centaur skeletons
  2 bullfrog skeletons (D:11)
  11 orc wizards
  An iguana (D:13)
  9 worker ants
  A big kobold zombie (Ossuary)
  A mummy (Ossuary)
  8 adders
  4 gnolls (D:11)
  2 adder skeletons
  6 adder zombies
  2 dart slugs
  2 leopard geckos
  46 orcs
  5 bats
  9 giant cockroaches
  3 hobgoblins
  4 jackals
  18 kobolds
  4 quokkas
  4 ball pythons
  3 frilled lizards
  3 goblins
  A hobgoblin zombie (Ossuary)
  2 orc zombies (Ossuary)
  2 rats
  4 fungi
  A plant (Lair:6)
405 creatures vanquished.

Vanquished Creatures (collateral kills)
  Rupert (Lair:4)
  An orc warlord (Orc:1)
  Nessos (Lair:4)
  A dire elephant (D:15)
  A fire dragon (D:11)
  Harold (Lair:1)
  Erica (Lair:1)
  8 hydras
  A naga warrior (Snake:1)
  A centaur warrior (D:13)
  2 anacondas (Snake:1)
  An ogre mage (Orc:2)
  5 two-headed ogres
  7 death yaks
  A naga sharpshooter (Snake:1)
  A shock serpent (Snake:1)
  Sonja (Lair:4)
  2 unseen horrors
  A wizard (D:14)
  An orc sorcerer (Orc:2)
  4 orc knights
  3 ugly things
  A mana viper (shapeshifter) (D:11)
  3 cyclopes
  3 manticores
  5 elephants
  2 black mambas
  8 spiny frogs
  A smoke demon (Lair:6)
  2 gargoyles (D:11)
  3 rime drakes
  A tengu conjurer (D:11)
  4 komodo dragons
  An efreet (D:15)
  2 polar bears (Lair:3)
  4 ice devils
  A red devil (Lair:6)
  A tyrant leech (Lair:4)
  6 trolls
  2 hornets
  2 slime creatures
  9 hippogriffs
  5 blink frogs (Lair:1)
  Prince Ribbit (D:8)
  4 dream sheep (Lair:5)
  2 spriggans
  A shadow (D:11)
  Eustachio (D:5)
  26 yaks
  A hungry ghost (D:9)
  A basilisk (Lair:2)
  A fire elemental (Elf:1)
  6 nagas (Snake:1)
  A warg (Orc:1)
  An acid dragon (D:14)
  4 hell hounds (Lair:6)
  9 water moccasins
  9 porcupines
  Duvessa (D:6)
  13 ice beasts
  7 sky beasts
  26 orc warriors
  A slave (D:6)
  A necrophage (D:15)
  The ghost of Crownlay the Chopper, an amateur MiBe of Trog (D:4)
  A phantom (D:8)
  An eye of draining (D:14)
  3 black bears
  A boggart (D:14)
  6 wolves
  10 ogres
  A tengu (Lair:6)
  11 centaurs
  10 crocodiles
  2 bullfrogs
  Dowan (D:6)
  A water moccasin zombie (Ossuary)
  3 scorpions
  3 killer bees (D:8)
  4 howler monkeys
  2 crimson imps
  2 centaur zombies
  2 hounds
  13 orc priests
  2 centaur skeletons
  A jelly (D:7)
  5 orc wizards
  A hell rat (Lair:6)
  3 worker ants
  3 big kobold zombies (Ossuary)
  A hound zombie (D:9)
  A mummy (Ossuary)
  13 adders
  A shadow imp (D:6)
  2 adder zombies (Ossuary)
  An adder skeleton (D:5)
  3 worms
  2 dart slugs
  40 orcs
  A ball python (Lair:2)
  2 giant cockroaches
  5 goblins
  8 hobgoblins
  4 jackals
  3 quokkas
  3 bats
  3 hobgoblin zombies (Ossuary)
  12 kobolds
  A leopard gecko zombie (D:5)
  4 orc zombies (Ossuary)
  3 rats (D:1)
  A fungus (Lair:5)
436 creatures vanquished.

Vanquished Creatures (others)
  A dancing weapon (Elf:1)
  2 ugly things (D:14)
  3 elephants
  A centaur skeleton (D:6)
  A slave (D:6)
  An orc warrior (Orc:2)
  An ogre (Orc:2)
  A hound (D:6)
  A bush (Lair:4)
  22 fungi
  14 plants
48 creatures vanquished.

Grand Total: 889 creatures vanquished

Notes
Turn   | Place    | Note
-------+----------+-------------------------------------------
     0 | D:1      | vatarom the Demonspawn Summoner began the quest for the Orb.
     0 | D:1      | Reached XP level 1. HP: 13/13 MP: 3/3
   383 | D:1      | Gained mutation: You are immune to rotting. [demonic ancestry]
   383 | D:1      | Reached XP level 2. HP: 15/20 MP: 1/5
   536 | D:1      | Learned a level 2 spell: Call Imp
   615 | D:1      | Reached skill level 1 in Fighting
  1021 | D:2      | Gained mutation: You may emit foul miasma when damaged in melee. [demonic ancestry]
  1021 | D:2      | Reached XP level 3. HP: 24/26 MP: 1/6
  1056 | D:2      | Learned a level 3 spell: Call Canine Familiar
  1085 | D:2      | Found a burning altar of Makhleb.
  1118 | D:2      | Found an opulent altar of Gozag.
  1151 | D:2      | Found a white marble altar of Elyvilon.
  1486 | D:2      | Found a stormy altar of Qazlal.
  1583 | D:2      | Found a shattered altar of Ashenzari.
  1603 | D:2      | Became a worshipper of Ashenzari the Shackled
  1643 | D:2      | Found a sparkling altar of Nemelex Xobeh.
  1960 | D:3      | Gained mutation: When hurt, damage is shared between your health and your magic reserves. [demonic ancestry]
  1960 | D:3      | Reached XP level 4. HP: 21/33 MP: 4/8
  2048 | D:3      | Found a glowing silver altar of Zin.
  2367 | D:3      | Reached skill level 5 in Summonings
  2454 | D:4      | Noticed Crownlay's ghost (amateur MiBe)
  2466 | D:4      | Killed Crownlay's ghost
  2466 | D:4      | Gained mutation: When seriously injured, your bleeding wounds create armour. (AC +0) [demonic ancestry]
  2466 | D:4      | Reached XP level 5. HP: 38/38 MP: 2/9
  2631 | D:4      | Noticed an ogre
  2640 | D:4      | Killed an ogre
  2791 | D:4      | Learned a level 4 spell: Summon Lightning Spire
  3061 | D:4      | Found a snail-covered altar of Cheibriados.
  3131 | D:4      | Reached * piety under Ashenzari
  3264 | D:4      | Found a shadowy altar of Dithmenos.
  3421 | D:4      | Reached XP level 6. HP: 26/46 MP: 3/11
  3712 | D:5      | Entered Level 5 of the Dungeon
  3748 | D:5      | Reached skill level 1 in Air Magic
  4063 | D:5      | Found a hazy altar of Hepliaklqana.
  4198 | D:5      | Noticed Eustachio
  4344 | D:5      | Reached XP level 7. HP: 51/52 MP: 13/13
  4350 | D:5      | Killed Eustachio
  4452 | D:5      | Learned a level 4 spell: Summon Ice Beast
  4794 | D:5      | Reached skill level 1 in Ice Magic
  5047 | D:6      | Reached skill level 6 in Summonings
  5467 | D:6      | Noticed Dowan
  5468 | D:6      | Noticed Duvessa
  5733 | D:6      | Killed Duvessa
  5733 | D:6      | Reached XP level 8. HP: 60/60 MP: 9/14
  5736 | D:6      | Killed Dowan
  6053 | D:6      | Noticed Pikel
  6118 | D:6      | Killed Pikel
  6118 | D:6      | Reached skill level 5 in Fighting
  6118 | D:6      | Reached skill level 5 in Spellcasting
  6308 | D:6      | Reached skill level 7 in Summonings
  6311 | D:6      | Gained mutation: When seriously injured, your bleeding wounds create thick armour. (AC +0) [demonic ancestry]
  6311 | D:6      | Reached XP level 9. HP: 28/68 MP: 1/17
  6414 | D:6      | Reached skill level 5 in Ice Magic
  6593 | D:7      | Found a staircase to the Ecumenical Temple.
  6599 | D:7      | Paralysed by a hornet for 1 turns
  7293 | Temple   | Entered the Ecumenical Temple
  7513 | D:7      | Found a glowing golden altar of the Shining One.
  7595 | D:8      | Noticed Prince Ribbit
  7599 | D:8      | Killed Prince Ribbit
  7652 | D:8      | Reached skill level 1 in Axes
  7706 | D:8      | Found a sand-covered staircase.
  7713 | D:8      | Got the uncursed ring mail "Fogemun" {rN+}
  7716 | Ossuary  | Entered an ossuary
  8002 | Ossuary  | Identified the +5 ring mail "Fogemun" {rN+} (You found it on level 8 of the Dungeon)
  8235 | D:8      | Reached ** piety under Ashenzari
  8287 | D:8      | Reached skill level 8 in Summonings
  8535 | D:8      | Found a staircase to the Lair.
  8536 | D:8      | Noticed a komodo dragon
  8556 | D:8      | Killed a komodo dragon
  8724 | D:8      | Reached XP level 10. HP: 71/77 MP: 12/19
  9277 | D:9      | Noticed a two-headed ogre
  9515 | D:9      | Noticed a cyclops
  9526 | D:9      | Killed a cyclops
  9924 | D:9      | Killed a two-headed ogre
  9924 | D:9      | Reached skill level 1 in Armour
 10096 | D:10     | Entered Level 10 of the Dungeon
 10244 | D:10     | Found a staircase to the Orcish Mines.
 10469 | D:10     | Noticed a two-headed ogre
 10486 | D:10     | Killed a two-headed ogre
 10916 | Lair:1   | Entered Level 1 of the Lair of Beasts
 10939 | Lair:1   | Reached *** piety under Ashenzari
 10957 | Lair:1   | Noticed a black mamba
 10976 | Lair:1   | Reached skill level 9 in Summonings
 10981 | Lair:1   | Killed a black mamba
 11129 | Lair:1   | Noticed a spiny frog
 11136 | Lair:1   | Killed a spiny frog
 11257 | Lair:1   | Noticed Erica
 11288 | Lair:1   | Killed Erica
 11389 | Lair:1   | Noticed Harold
 11393 | Lair:1   | Noticed a seven-headed hydra
 11399 | Lair:1   | Noticed a spiny frog
 11972 | Lair:1   | Gained mutation: You have a pair of small horns on your head. [demonic ancestry]
 11972 | Lair:1   | Reached XP level 11. HP: 73/84 MP: 15/21
 12081 | Lair:1   | Killed Harold
 12459 | Lair:1   | Killed a seven-headed hydra
 12752 | Lair:1   | Learned a level 3 spell: Summon Guardian Golem
 12853 | Lair:2   | Got the mace of Pandemonium {drain, +Fly Int+4}
 12854 | Lair:2   | Identified the +7 mace of Pandemonium {drain, +Fly Int+4} (You found it on level 2 of the Lair of Beasts)
 12942 | Lair:2   | Found a staircase to the Snake Pit.
 13050 | Lair:2   | Found a shimmering altar of Xom.
 13247 | Lair:2   | Reached **** piety under Ashenzari
 13954 | Lair:3   | Reached skill level 5 in Dodging
 14123 | Lair:3   | Reached skill level 10 in Summonings
 14733 | Lair:3   | Identified a scroll of acquirement
 14733 | Lair:3   | Identified Derue's Collected Works on Protection (You acquired it on level 3 of the Lair of Beasts)
 14751 | Lair:3   | Learned a level 2 spell: Swiftness
 14755 | Lair:3   | Learned a level 3 spell: Regeneration
 15056 | Lair:3   | Found a white marble altar of Elyvilon.
 15412 | Lair:4   | Noticed Nessos
 15879 | Lair:4   | Killed Nessos
 16256 | Lair:4   | Noticed a six-headed hydra
 16650 | Lair:4   | Noticed Rupert
 17166 | Lair:4   | Noticed Sonja
 17171 | Lair:4   | Killed Sonja
 17275 | Lair:4   | Noticed a death yak
 17276 | Lair:4   | Noticed a death yak
 17277 | Lair:4   | Noticed a death yak
 17278 | Lair:4   | Noticed a death yak
 17278 | Lair:4   | Noticed a death yak
 17304 | Lair:4   | Killed a death yak
 17314 | Lair:4   | Killed a death yak
 17314 | Lair:4   | Killed a death yak
 17314 | Lair:4   | Reached XP level 12. HP: 48/94 MP: 1/24
 17682 | Lair:4   | Killed a six-headed hydra
 17914 | Lair:4   | Killed Rupert
 17914 | Lair:4   | Reached skill level 11 in Summonings
 17923 | Lair:4   | Killed a death yak
 18095 | Lair:4   | Found a staircase to the Swamp.
 18176 | Lair:4   | Killed a death yak
 18492 | Lair:5   | Noticed a death yak
 18517 | Lair:5   | Killed a death yak
 18753 | Lair:5   | Noticed a five-headed hydra
 18759 | Lair:5   | Killed a five-headed hydra
 18896 | Lair:5   | Noticed a death yak
 18908 | Lair:5   | Killed a death yak
 18908 | Lair:5   | Reached skill level 5 in Axes
 19009 | Lair:5   | Noticed a death yak
 19011 | Lair:5   | Noticed a death yak
 19040 | Lair:5   | Killed a death yak
 19050 | Lair:5   | Killed a death yak
 19216 | Lair:5   | Noticed a death yak
 19226 | Lair:5   | Killed a death yak
 19350 | Lair:5   | Noticed a seven-headed hydra
 19358 | Lair:5   | Killed a seven-headed hydra
 19531 | Lair:5   | Reached ***** piety under Ashenzari
 20108 | Lair:6   | Entered Level 6 of the Lair of Beasts
 20225 | Lair:6   | Noticed a dire elephant
 20276 | Lair:6   | Killed a dire elephant
 20662 | Lair:6   | Reached skill level 12 in Summonings
 21212 | Lair:5   | Gained mutation: You regenerate magic rapidly. [demonic ancestry]
 21212 | Lair:5   | Reached XP level 13. HP: 54/101 MP: 9/26
 21482 | Lair:6   | Found a staircase to the Slime Pits.
 22109 | Lair:6   | Found a burning altar of Makhleb.
 22391 | Lair:6   | Found a gateway to Hell.
 22409 | Lair:6   | Learned a level 6 spell: Deflect Missiles
 22455 | Lair:6   | Got the trident of Fosamox {pierce, Stlth+}
 22856 | D:11     | Found Jusus's Assorted Antiques.
 22857 | D:11     | Identified the +3 trident of Fosamox {pierce, Stlth+} (You took it off a red devil on level 6 of the Lair of Beasts)
 22863 | D:11     | Bought a thin brass amulet for 145 gold pieces
 23476 | D:11     | Reached skill level 10 in Fighting
 23545 | D:11     | Noticed a fire dragon
 23564 | D:11     | Killed a fire dragon
 23694 | D:11     | Gained mutation: You are frail. (-10% HP) [potion of mutation]
 23694 | D:11     | Gained mutation: You tend to lose your temper in combat. [potion of mutation]
 23694 | D:11     | Gained mutation: You have sharp toenails. [potion of mutation]
 23694 | D:11     | Gained mutation: You have razor-sharp toenails. [potion of mutation]
 24453 | D:11     | Identified the +8 dagger "Tormentor" {elec, *Drain rElec rPois}
 24453 | D:11     | Identified the amulet "Gashiask" {Faith SInv}
 24749 | D:11     | Reached skill level 5 in Armour
 24828 | D:12     | Found a flagged portal.
 24842 | Bailey   | Entered a bailey
 25143 | Bailey   | Identified the +0 ring mail "Faisee" {+Fly rF+ rN+ Str+4}
 25676 | D:12     | Reached skill level 13 in Summonings
 25829 | D:12     | Reached ****** piety under Ashenzari
 27072 | D:13     | Reached skill level 1 in Charms
 27474 | D:13     | Reached XP level 14. HP: 75/99 MP: 18/27
 27797 | D:14     | Reached skill level 10 in Spellcasting
 28148 | D:14     | Found a frozen archway.
 28236 | IceCv    | Entered an ice cave
 28791 | D:14     | Found Hotekloe's Weapon Shop.
 29337 | D:14     | Found a gate to the Vaults.
 29354 | D:15     | Entered Level 15 of the Dungeon
 29501 | D:15     | Found Fane's Food Emporium.
 29555 | D:15     | Noticed Urug
 29572 | D:15     | Killed Urug
 29818 | D:15     | Found a staircase to the Depths.
 30395 | D:12     | Reached skill level 5 in Charms
 30498 | Orc:1    | Entered Level 1 of the Orcish Mines
 30998 | Orc:1    | Found Awuer's Gadget Shop.
 31008 | Orc:1    | Bought a wand of clouds (3/9) for 315 gold pieces
 31357 | Orc:2    | Entered Level 2 of the Orcish Mines
 31357 | Orc:2    | Noticed an orc warlord
 31382 | Orc:1    | Killed an orc warlord
 31832 | Orc:2    | Found Fouwigg's Assorted Antiques.
 32498 | Orc:1    | Reduced skill Ice Magic to level 5
 33468 | Orc:2    | Noticed Dirian's ghost (journeyman MiFi)
 33818 | Orc:2    | Found a staircase to the Elven Halls.
 35472 | Orc:2    | Found Koehar's Food Emporium.
 35472 | Orc:2    | Found Beastoo's Distillery.
 35474 | Orc:2    | Found Onleph's Book Shop.
 35476 | Orc:2    | Found Hanoyloo's Distillery.
 35481 | Orc:2    | Bought a potion of mutation for 88 gold pieces
 35481 | Orc:2    | Lost mutation: You have razor-sharp toenails. [potion of mutation]
 35481 | Orc:2    | Lost mutation: You have sharp toenails. [potion of mutation]
 35481 | Orc:2    | Lost mutation: You are frail. (-10% HP) [potion of mutation]
 35481 | Orc:2    | Lost mutation: You tend to lose your temper in combat. [potion of mutation]
 35481 | Orc:2    | Gained mutation: You tend to lose your temper in combat. [potion of mutation]
 35481 | Orc:2    | Gained mutation: You are agile. (Dex +2) [potion of mutation]
 35484 | Orc:2    | Bought a book of Beasts for 770 gold pieces
 35516 | Orc:2    | Bought a potion of heal wounds for 70 gold pieces
 35516 | Orc:2    | Bought a potion of heal wounds for 70 gold pieces
 35609 | Orc:2    | Learned a level 5 spell: Summon Mana Viper
 35788 | Snake:1  | Entered Level 1 of the Snake Pit
 35793 | Snake:1  | Reached skill level 5 in Throwing
 35997 | Snake:1  | Gained mutation: You have a pair of horns on your head. [demonic ancestry]
 35997 | Snake:1  | Reached XP level 15. HP: 119/119 MP: 15/29
 36523 | Snake:1  | Noticed Donald
 37462 | Orc:2    | Reached skill level 14 in Summonings
 37625 | Elf:1    | Entered Level 1 of the Elven Halls
 37805 | Orc:2    | HP: 7/178 [deep elf knight/stone arrow (7)]
 37807 | Orc:2    | HP: 3/178 [deep elf knight/long sword (1)]
 37808 | Orc:2    | Killed from afar by a deep elf knight

Skill      XL: |  1  2  3  4  5  6  7  8  9 10 11 12 13 14 15 |
---------------+----------------------------------------------+-----
Fighting       | 1 2 3 4 5 6 7 8 9 10 11 | 11.6
Summonings     | 5 6 7 8 9 10 12 13 14 | 14.0
Spellcasting   | 3 4 5 6 7 8 9 10 | 10.5
Air Magic      | 2 |  2.7
Ice Magic      | 2 4 6 2 |  2.4
Axes           | 2 4 6 7 |  7.2
Armour         | 3 6 8 |  8.6
Dodging        | 3 6 7 |  7.5
Charms         | 2 5 |  5.5
Throwing       | 5 |  5.0
Stealth        | |  1.7

Action                   |  1- 3 |  4- 6 |  7- 9 | 10-12 | 13-15 || total
-------------------------+-------+-------+-------+-------+-------++-------
Melee: Dagger            |    70 |       |       |       |       ||    70
       Unarmed           |     7 |       |       |       |       ||     7
       Battleaxe         |    38 |    94 |   267 |   127 |       ||   526
       Mace              |       |       |       |    99 |       ||    99
       Headbutt          |       |       |       |    31 |   101 ||   132
       Executioner's axe |       |       |       |    67 |   661 ||   728
Throw: Tomahawk          |       |       |       |       |     6 ||     6
 Cast: Summon Small Mamm |    10 |       |       |     1 |       ||    11
       Call Imp          |    16 |    11 |       |       |     4 ||    31
       Call Canine Famil |     2 |    15 |     8 |    56 |    70 ||   151
       Summon Lightning  |       |     5 |    36 |   103 |    97 ||   241
       Summon Ice Beast  |       |       |    12 |    74 |    78 ||   164
       Summon Guardian G |       |       |       |    42 |    51 ||    93
       Swiftness         |       |       |       |     1 |       ||     1
       Summon Mana Viper |       |       |       |       |    39 ||    39
       Deflect Missiles  |       |       |       |       |     1 ||     1
Invok: Curse Item        |       |     1 |       |     5 |     1 ||     7
       Scrying           |       |       |       |     1 |       ||     1
       Transfer Knowledg |       |       |       |       |     1 ||     1
Evoke: Wand              |       |       |       |     8 |    11 ||    19
  Use: Scroll            |     6 |     4 |     8 |    15 |    14 ||    47
       Potion            |     4 |     1 |     3 |     2 |    17 ||    27
 Stab: Sleeping          |     5 |     2 |     3 |     1 |    12 ||    23
       Distracted        |       |       |     4 |     4 |    11 ||    19
  Eat: Chunk             |     4 |     7 |     5 |     8 |    63 ||    87
       Bread ration      |       |     1 |     4 |     9 |       ||    14
       Fruit             |       |       |       |     1 |       ||     1
       Meat ration       |       |       |       |     1 |     2 ||     3
       Royal jelly       |       |       |       |     2 |     2 ||     4
Armor: Robe              |    64 |    66 |       |       |       ||   130
       Leather armour    |       |       |   146 |   130 |    43 ||   319
       Skin              |       |       |    36 |       |     2 ||    38
       Acid dragon scale |       |       |       |       |   283 ||   283
Dodge: Dodged            |   131 |   126 |   243 |   393 |   824 ||  1717
       Deflected         |       |       |       |       |     3 ||     3
